 Dungeon Crawl Stone Soup version 0.15.0-8-gb109cf8 (webtiles) character file.

853445 HungrySpirit the Demon Slayer (level 27, 0/199 HPs)
             Began as a Gargoyle Monk on Aug 29, 2014.
             Was a High Priest of the Shining One.
             Slain by a balrug
             ... wielding the cursed +3 halberd of Ciemiceemp {flame, rPois}
              (5 damage)
             ... in Pandemonium on Aug 30, 2014.
             The game lasted 06:02:10 (92982 turns).

HungrySpirit the Demon Slayer (Gargoyle Monk)      Turns: 92982, Time: 06:02:11

HP   0/199       AC 73     Str 35      XL: 27
MP   5/45        EV 21     Int  9 (17) God: the Shining One [*****.]
Gold 10151       SH 19     Dex 20      Spells:  0 memorised, 26 levels left

rFire  + . .     SeeInvis .     H - +9 Blessed Scourge
rCold  + + .     Clarity  .     f - +12 gold dragon armour
rNeg   + + +     rCorr    .     o - +1 shield {rC+}
rPois  +         rRot     +     R - +0 helmet of Refuge {rElec}
rElec  +         Spirit   .     d - +2 cloak {MR+}
SustAb .         Warding  .     a - +2 pair of gloves {Dex+3}
rMut   +         Stasis   .     g - +1 pair of boots {run}
Gourm  .                        L - amulet "Mikhlit" {rMut Str+4 Int+4}
MR     +++..                    C - ring of Shaolin {EV+8}
                                Q - ring "Kheheapn" {+Rage +Fly rF+ rN+ Slay+1}

@: mighty, agile, fire vulnerable, very slightly contaminated, hasted, glowing,
very quick, extremely resistant to hostile enchantments, extremely unstealthy
A: able to fly continuously, big wings, mutation resistance 1, negative energy
resistance 1, sense surroundings 1, electricity resistance, slow healing 1,
unbreathing, petrification resistance, rot immunity, AC +20
a: Fly, Divine Shield, Cleansing Flame, Summon Divine Warrior, Renounce
Religion, Evoke Berserk Rage, Evoke Flight
}: 8/15 runes: decaying, silver, obsidian, bone, demonic, magical, dark,
gossamer


You were in Pandemonium.
You worshipped the Shining One.
The Shining One was extremely pleased with you.
You were full.

You visited 14 branches of the dungeon, and saw 70 of its levels.
You visited Pandemonium 1 time, and saw 26 of its levels.
You also visited: Labyrinth, Trove, Volcano and Wizlab.

You collected 12196 gold pieces.
You spent 2045 gold pieces at shops.

Inventory:

Hand weapons
 D - the +2 mace "Twajohin" {freeze, rPois rF+ Str+3}
   (Okawaru gifted it to you on level 15 of the Dungeon)

   It has been specially enchanted to freeze those struck by it, causing extra
   injury to most foes and up to double damage against particularly susceptible
   opponents.
   It can also slow down cold-blooded creatures.
   It affects your strength (+3).
   It protects you from fire.
   It protects you from poison.
 H - a +9 Blessed Scourge (weapon)
Missiles
 E - 4 tomahawks of dispersal (quivered)
Armour
 a - a +2 pair of gloves of dexterity (worn)
 d - a +2 cloak of magic resistance (worn)
 f - a +12 gold dragon armour (worn)
 g - a +1 pair of boots of running (worn)
 o - a +1 shield of cold resistance (worn)
 u - the +1 pair of boots "Cheoclif" {+Fly Slay+4}
   (You bought it in a shop on level 1 of the Elven Halls)

   It affects your accuracy and damage with ranged weapons and melee attacks
   (+4).
   It lets you fly.
 R - the +0 helmet of Refuge (worn) {rElec}
   (You acquired it in a treasure trove)

   It insulates you from electricity.
Magical devices
 s - a wand of digging (9)
 x - a wand of heal wounds (9)
 F - a wand of teleportation (9)
 K - a wand of disintegration (14)
Comestibles
 b - 31 bread rations
 r - 26 beef jerkies
Scrolls
 e - a scroll of magic mapping
 h - 16 scrolls of identify
 i - 39 scrolls of remove curse
 n - 12 scrolls of teleportation
 p - 4 scrolls of amnesia
 t - 4 scrolls of recharging
 A - 2 scrolls of blinking
 G - a scroll of immolation
 M - 7 scrolls of fear
 Y - 3 scrolls of fog
 Z - 3 scrolls of vulnerability
Jewellery
 j - the ring of Geacuted {+Inv rC+ MR+ Stlth-}
   (You took it off a yaktaur captain on level 5 of the Vaults)

   [ring of loudness]

   It protects you from cold.
   It affects your resistance to hostile enchantments.
   It lets you turn invisible.
   It makes you less stealthy.
 l - an uncursed ring of see invisible
 q - an uncursed ring of protection from cold
 v - an uncursed amulet of clarity
 y - an uncursed ring of protection from fire
 z - the ring "Iceyxky" {+cTele rC-}
   (You found it on level 15 of the Dungeon)

   [ring of teleport control]

   It can be evoked for teleport control.
   It makes you vulnerable to cold.
 C - the ring of Shaolin (right hand) {EV+8}
   (You found it in a labyrinth)

   [ring of evasion]

   It affects your evasion (+8).
 J - the ring "Mningiwk" {+Blink MR++ Str+2 Int+6}
   (You bought it in a shop on level 4 of the Orcish Mines)

   [ring of intelligence]

   It affects your strength (+2).
   It affects your intelligence (+6).
   It affects your resistance to hostile enchantments.
   It lets you blink.
 L - the amulet "Mikhlit" (around neck) {rMut Str+4 Int+4}
   (You found it on level 7 of Gehenna)

   [amulet of resist mutation]

   It protects you from mutation.
   It affects your strength (+4).
   It affects your intelligence (+4).
 O - the ring of Khuggun {SustAb rElec}
   (You found it in Pandemonium)

   [ring of sustain abilities]

   It sustains your strength, intelligence and dexterity.
   It insulates you from electricity.
 P - a +3 ring of slaying
 Q - the ring "Kheheapn" (left hand) {+Rage +Fly rF+ rN+ Slay+1}
   (You found it on level 7 of Tartarus)

   [ring of slaying]

   It affects your accuracy and damage with ranged weapons and melee attacks
   (+1).
   It protects you from fire.
   It protects you from negative energy.
   It lets you fly.
   It lets you go berserk.
 W - an uncursed ring of regeneration
Potions
 c - 23 potions of curing
 k - 2 potions of haste
 m - 4 potions of restore abilities
 B - a potion of heal wounds
 I - 5 potions of resistance
 N - 4 potions of might
 S - 6 potions of cancellation
 T - 3 potions of magic
 V - 4 potions of agility
 X - 2 potions of cure mutation
Miscellaneous
 w - a phial of floods


   Skills:
 O Level 27 Fighting
 O Level 27 Maces & Flails
 O Level 27 Armour
 - Level 2.4 Dodging
 - Level 2.1 Stealth
 + Level 20.5 Shields
 - Level 4.0 Unarmed Combat
 O Level 27 Invocations
 - Level 8.0 Evocations


You had 26 spell levels left.
You didn't know any spells.

Dungeon Overview and Level Annotations

Branches:
Dungeon (15/15)            Temple (0/1) D:6             Orc (4/4) D:9
    Elf (3/3) Orc:4          Lair (8/8) D:11          Swamp (5/5) Lair:6
 Spider (5/5) Lair:5        Slime (0/6) Lair:7       Vaults (5/5) D:14
  Crypt (3/3) Vaults:3       Tomb (0/3) Crypt:3      Depths (5/5) D:15
   Hell (1/1)                 Dis (1/7) Hell            Geh (7/7) Hell
    Coc (1/7) Hell            Tar (7/7) Hell            Zot (0/5) Depths:5

Altars:
Cheibriados
Elyvilon
Kikubaaqudgha
Okawaru
Qazlal
Sif Muna
Vehumet
The Shining One
Beogh

Shops:
D:10 }   Orc:1 (   Orc:4 [[=(   Elf:1 [   Elf:3 [   Vaults:1 *   Vaults:3 [
Vaults:4 }

Portals:
Hell: Depths:1 Depths:2 Depths:3 Depths:4 Depths:5
Abyss: Depths:4 Depths:5
Pandemonium: Depths:2 Depths:3
Ziggurat: Depths:3

Annotations:
D:3 Patate's ghost, average GrFi
Crypt:1 exclusion: 2 curse skulls
Depths:2 exclusion: silver statue


Innate Abilities, Weirdness & Mutations

You are resistant to torment.
You are immune to poison.
You can fly continuously.
Your stone body is very resilient (AC +20).
Your wings are large and strong.
You resist negative energy.
You are resistant to electric shocks.
You can survive without breathing.
You are immune to petrification.
You are immune to rotting.
You are somewhat resistant to further mutation.
You passively map a small area around you.
You heal slowly when monsters are visible.


Message History

The balrug hits you but does no damage.
Cerebov hits you with a great serpentine sword {flame}!!
* * * LOW HITPOINT WARNING * * *
Cerebov burns you.
* * * LOW HITPOINT WARNING * * *
Unknown command.
Unknown command.
Unknown command.
Unknown command.
Unknown command.
Unknown command.
Use which ability? (? or * to list)
The golden flame engulfs you! You resist.
The golden flame engulfs Cerebov.
Cerebov writhes in agony!
You kill Cerebov!
The Shining One accepts your kill.
You are engulfed in roaring flames.
You resist.
* * * LOW HITPOINT WARNING * * *
The balrug hits you from afar with a steaming halberd {flame}.
You die...

≈.....# , ..., , #..
......# ...≈≈≈.≈≈ , *#..
......# # ...≈≈≈≈.≈≈≈ *
#.. #######
.....≈≈≈≈...≈≈≈≈ *#..
########.#...≈≈≈≈...≈≈≈≈
#..
≈#..........≈≈≈§§§...≈≈≈
###
.#.#.#.#...≈≈≈§§§§...#*
, .'.........≈≈≈§§§§.# ,
* ,* ,
.'.)))....≈≈≈v§§@§§# ,,
.'.).......≈≈§≈§§§§#,*
,*
.#.#.#.#...≈≈≈§§§§2..#*
,
≈#.....)....≈≈≈§§v.3.≈≈≈
###
########.#...≈≈≈≈...≈≈≈≈
#..
########.....≈≈≈≈...≈≈≈
, *#..
.[....##.#....≈≈≈≈.≈≈≈≈
* #..
......##.......≈≈≈.≈≈≈.
#..
≈.....##.##............
#..


You could see a balrug, a sun demon and 2 fire vortices.

Vanquished Creatures
  Asmodeus (Geh:7)
  Cerebov (Pan)
  Ereshkigal (Tar:7)
  Gloorx Vloq (Pan)
  Lom Lobon (Pan)
  6 pandemonium lords (Pan)
  2 ancient liches (Crypt:2)
  4 tentacled monstrosities
  Saint Roka (Vaults:1)
  Norris (D:14)
  Mara (Vaults:2)
  Mennas (Crypt:1)
  Geryon (Hell)
  3 golden dragons (Vaults:5)
  21 Brimstone Fiends
  the Enchantress (Depths:4)
  Nikola (Depths:1)
  4 bone dragons
  Arachne (Spider:3)
  A Hell Sentinel (Pan)
  3 Ice Fiends (Pan)
  18 Shadow Fiends
  Murray (Hell)
  13 titans
  5 deep elf blademasters
  An octopode crusher (Depths:3)
  2 deep elf master archers
  A quicksilver dragon (Vaults:5)
  5 sphinxes
  2 eldritch tentacles
  4 storm dragons
  6 liches
  6 blood saints (Pan)
  Rupert (D:14)
  23 Executioners (Pan)
  8 tengu reavers
  Kirke (Swamp:5)
  3 thorn hunters
  8 shadow dragons
  3 ancient champions
  3 revenants
  Roxanne (Swamp:5)
  A draconian monk (Depths:5)
  A greater naga (Pan)
  Donald (Swamp:1)
  20 frost giants
  17 fire giants
  A draconian scorcher (Depths:5)
  Aizul (Swamp:1)
  5 ghost moths
  10 deep elf sorcerers
  2 cacodemons (Pan)
  18 vault wardens
  7 emperor scorpions
  6 ghouls (Crypt:3)
  A draconian zealot (Geh:1)
  3 warmongers (Pan)
  27 reapers
  A draconian annihilator (Geh:1)
  15 balrugs
  4 spriggan defenders
  11 deep elf demonologists
  5 very ugly things
  26 stone giants
  A green draconian (Crypt:3)
  A curse skull (Crypt:2)
  4 tengu warriors
  5 war gargoyles
  3 vampire knights
  14 salamander firebrands
  2 grey draconians
  3 corrupters (Pan)
  2 white draconians
  10 lorocyprocas
  Azrael (D:15)
  14 ettins
  9 deep elf annihilators
  3 pale draconians
  A spectral titan (Crypt:3)
  3 dire elephants
  4 chaos champions (Pan)
  A red draconian (Depths:5)
  4 black draconians
  2 yellow draconians (Depths:5)
  6 deep elf death magi
  6 black suns (Pan)
  2 unborn (Crypt:3)
  35 vault guards
  4 spectral quicksilver dragons (Crypt:3)
  10 blizzard demons
  4 crystal guardians (Depths:1)
  7 jiangshi
  8 deep elf high priests
  8 eidola
  11 green deaths
  3 quicksilver dragon zombies
  16 yaktaur captains
  3 minotaurs
  14 fire dragons
  17 ironheart preservers
  7 great orbs of eyes
  18 hydras
  6 spriggan air magi
  Fannar (Lair:7)
  A ravenous item mimic (Vaults:5)
  Harold (Lair:3)
  A spectral golden dragon (Crypt:3)
  18 ogre magi
  4 quicksilver dragon skeletons
  13 rakshasas
  9 ice dragons
  4 monstrous demonspawn (Pan)
  7 ghost crabs
  2 shambling mangroves (Swamp:3)
  2 spectral fire giants (Crypt:3)
  Erica (Lair:2)
  A spectral shadow dragon (Crypt:3)
  2 spectral stone giants (Crypt:3)
  10 deep troll earth magi
  9 centaur warriors
  2 dancing weapons
  6 alligators
  18 deep troll shamans
  A death knight (Crypt:3)
  An alligator (shapeshifter) (Vaults:5)
  8 death yaks (Depths:2)
  5 vampire magi
  4 orc high priests (Orc:4)
  3 spectral storm dragons (Crypt:3)
  8 spriggan berserkers
  48 soul eaters
  5 titan zombies
  17 hell hogs
  Nergalle (D:12)
  19 deep elf knights
  25 shadow wraiths
  4 iron golems
  Erolcha (D:12)
  A spectral spriggan (Depths:2)
  3 catoblepae
  2 titan skeletons
  A fire crab (shapeshifter) (Vaults:3)
  2 salamander mystics
  23 sun demons
  6 ice devils
  7 iron trolls
  47 deep trolls
  18 shadow demons
  A ghost moth zombie (Crypt:2)
  2 golden dragon zombies (Geh:4)
  58 skeletal warriors
  2 ball lightnings (Pan)
  A cherub (Pan)
  6 spriggan druids
  2 fire crabs
  3 swamp dragons
  24 large abominations (Pan)
  40 hell knights
  22 orb spiders
  9 unseen horrors
  3 anaconda zombies
  12 hellions
  4 putrid demonspawn (Pan)
  19 flayed ghosts
  7 storm dragon skeletons
  5 giant orange brains
  An ice statue (D:12)
  4 spectral iron dragons (Crypt:3)
  3 harpies (Vaults:2)
  2 harpies (shapeshifter)
  7 deep elf summoners
  A giant orange brain (shapeshifter) (Depths:5)
  7 red wasps
  6 gelid demonspawn (Pan)
  6 infernal demonspawn (Pan)
  4 golden dragon skeletons
  12 ironbrand convokers
  A wolf spider zombie (Geh:7)
  A kraken simulacrum (Hell)
  4 shadow dragon zombies
  A mana viper (shapeshifter) (Depths:4)
  5 small abominations
  3 hill giants
  15 deep elf conjurers
  A griffon (shapeshifter) (Vaults:5)
  16 necromancers
  3 shadow dragon skeletons
  9 torturous demonspawn (Pan)
  6 anaconda skeletons
  63 ugly things
  A hell hog zombie (Geh:6)
  4 griffons
  2 spectral ice dragons (Crypt:3)
  A spectral ettin (Crypt:3)
  4 fire giant zombies
  18 orc knights
  A frost giant zombie (Tar:6)
  23 salamanders
  2 iron dragon zombies
  A draconian (shapeshifter) (Depths:1)
  4 stone giant zombies
  2 worldbinders (Elf:1)
  7 cyclopes
  2 moths of wrath (Spider:5)
  A shining eye (shapeshifter) (Elf:1)
  12 sixfirhies
  18 phantasmal warriors
  2 wizards
  3 sphinx skeletons
  27 wolf spiders
  4 manticores
  3 iron dragon skeletons
  2 mermaids (shapeshifter)
  7 orc sorcerers
  A dire elephant zombie (Geh:1)
  2 cyclopes (shapeshifter)
  A hell hog skeleton (Geh:1)
  4 elephants (Lair:5)
  Maurice (D:12)
  6 black mambas
  7 stone giant skeletons
  2 fire giant skeletons
  2 shock serpent zombies
  5 frost giant skeletons
  16 molten gargoyles
  Joseph (D:11)
  A gargoyle (D:11)
  A guardian serpent (Lair:8)
  9 tormentors
  A centaur zombie (D:15)
  14 vault sentinels
  A kobold demonologist (D:13)
  A shock serpent skeleton (Geh:7)
  2 torpor snails (Depths:4)
  11 smoke demons
  An orange crystal statue (Depths:1)
  19 orange demons
  A pale draconian zombie (Crypt:3)
  28 spiny frogs
  2 emperor scorpion zombies
  An item mimic (Spider:1)
  6 dire elephant skeletons
  2 spriggan zombies (Depths:4)
  8 iron devils
  69 yaktaurs
  7 komodo dragons
  2 redback zombies (D:15)
  A spectral gelid demonspawn (Crypt:3)
  A komodo dragon (shapeshifter) (D:14)
  An iron troll zombie (Crypt:1)
  16 demonic crawlers
  15 deep elf priests
  4 efreet
  A death yak skeleton (Depths:2)
  A yaktaur (shapeshifter) (Vaults:5)
  16 hellwings
  3 silent spectres
  A grey draconian skeleton (Geh:6)
  A black draconian skeleton (Crypt:2)
  An elf (shapeshifter) (Depths:3)
  A troll (shapeshifter) (Depths:1)
  9 blue devils
  4 tengu conjurers
  A catoblepas zombie (Crypt:3)
  9 hell beasts
  10 trolls
  5 hydra zombies
  A queen bee (shapeshifter) (D:15)
  29 red devils
  3 fire vortices (Pan)
  5 polar bears (Lair:8)
  5 hydra skeletons
  6 giant leeches
  31 freezing wraiths
  54 slime creatures
  A catoblepas skeleton (Tar:6)
  31 jumping spiders
  18 ravens
  19 two-headed ogres
  4 boulder beetles
  2 harpy skeletons
  3 bog bodies
  A baby alligator (Lair:5)
  9 air elementals
  3 ice dragon zombies
  A spectral swamp dragon (Crypt:3)
  2 alligator zombies
  3 fire dragon zombies
  A blink frog (shapeshifter) (Depths:3)
  An ettin zombie (Geh:1)
  A stone giant simulacrum (Vaults:2)
  11 blink frogs
  73 flying skulls
  3 basilisks
  A black mamba zombie (Geh:4)
  20 ynoxinuls
  25 trapdoor spiders
  2 fire dragon skeletons
  A tarantella (shapeshifter) (Elf:1)
  69 redbacks
  An iron dragon simulacrum (Crypt:3)
  3 spriggan skeletons (Depths:2)
  A deep troll zombie (Depths:1)
  12 spriggans
  26 tarantellas
  16 vampires
  3 water elementals
  An alligator skeleton (Tar:7)
  5 ettin skeletons
  24 shadows
  A yak (shapeshifter) (D:15)
  43 deep elf magi
  25 wraiths
  3 ice dragon skeletons
  15 hogs
  41 yaks
  25 wolves
  Eustachio (D:8)
  A black mamba skeleton (Geh:6)
  17 humans
  8 neqoxecs
  2 wyverns
  2 hill giant zombies
  3 hungry ghosts
  Grum (D:8)
  4 elf skeletons
  35 deep elf fighters
  A hill giant skeleton (D:11)
  A hippogriff (shapeshifter) (Depths:1)
  A steam dragon (D:9)
  25 fire elementals
  2 chaos spawn
  A soldier ant (shapeshifter) (D:14)
  5 swamp worm simulacra (Swamp:5)
  18 vampire mosquitoes
  31 swamp worms
  14 hippogriffs
  A human zombie (Hell)
  Edmund (D:4)
  10 wargs
  32 hell hounds
  3 mottled dragons
  17 hydra simulacra (Swamp:5)
  A spectral snapping turtle (Crypt:3)
  30 spiders
  A torturous demonspawn skeleton (Geh:3)
  3 spiny frog zombies
  4 tengu skeletons
  2 spiny frog skeletons
  27 water moccasins
  A merfolk skeleton (Crypt:2)
  6 swamp drakes
  7 black bears
  A yellow wasp (shapeshifter) (Vaults:3)
  14 yellow wasps
  An ice dragon simulacrum (Crypt:3)
  12 necrophages
  5 porcupines
  2 spriggan simulacra (Depths:1)
  A manticore zombie (Crypt:3)
  4 sky beasts
  A swamp dragon zombie (Geh:7)
  61 ogres
  45 orc warriors
  3 snapping turtle zombies
  2 boring beetles
  6 ice beasts
  2 snapping turtle skeletons
  19 crocodiles
  6 boggarts
  A fire dragon simulacrum (Crypt:3)
  8 phantoms
  12 centaurs
  A swamp dragon skeleton (Tar:6)
  6 big kobolds
  A tengu (shapeshifter) (Vaults:5)
  A komodo dragon zombie (D:8)
  An elf zombie (Geh:7)
  2 brain worms
  A glowing shapeshifter simulacrum (Vaults:2)
  2 salamander zombies
  Blork the orc (D:8)
  A gnoll sergeant (D:6)
  A yaktaur zombie (Hell)
  A draconian skeleton (Crypt:1)
  A yaktaur skeleton (D:10)
  17 giant frogs
  6 insubstantial wisps (Swamp:2)
  2 raiju zombies (Crypt:2)
  3 human simulacra
  9 killer bees (D:11)
  A swamp dragon simulacrum (Crypt:3)
  A troll zombie (D:8)
  A yak zombie (D:11)
  6 electric eels
  An eye of draining (shapeshifter) (D:15)
  5 scorpions
  A hippogriff skeleton (D:10)
  A lava snake (D:11)
  5 jellies
  48 wights
  A yak skeleton (Crypt:3)
  18 crimson imps
  A quasit (D:9)
  A yellow wasp zombie (Crypt:3)
  4 centaur skeletons
  38 orc priests
  A goliath beetle (D:10)
  A two-headed ogre zombie (D:11)
  A boring beetle zombie (Crypt:1)
  3 iron imps
  A giant frog skeleton (D:13)
  5 human skeletons
  23 hounds
  A black bear skeleton (D:4)
  39 orc wizards
  12 iguanas
  20 worker ants
  9 orange rats
  24 sheep
  An ogre zombie (D:11)
  A hound zombie (Crypt:1)
  A mottled dragon skeleton (Crypt:1)
  A hound skeleton (Crypt:3)
  An orange rat zombie (Crypt:2)
  2 mummies
  32 adders
  74 green rats
  11 gnolls
  A swamp drake skeleton (Crypt:3)
  An orc skeleton (D:10)
  16 shadow imps
  2 white imps
  2 giant mites
  26 ufetubi
  11 worms
  2 swamp drake simulacra (Swamp:5)
  An iguana zombie (D:6)
  An adder skeleton (D:5)
  2 giant eyeballs (D:15)
  A giant gecko (shapeshifter) (Depths:4)
  231 orcs
  A bat skeleton (D:7)
  8 giant cockroaches
  16 goblins
  12 hobgoblins
  14 jackals
  44 kobolds
  17 quokkas
  2 ball pythons
  A ball python skeleton (Crypt:1)
  14 bats
  11 giant geckos
  2 giant gecko skeletons
  5 giant newts
  2 goblin skeletons (D:4)
  A hobgoblin zombie (Crypt:2)
  A kobold skeleton (D:8)
  A lava orc zombie (Crypt:1)
  2 orc zombies
  A quokka zombie (Crypt:1)
  17 rats
  3 butterflies (Pan)
  6 crawling corpses
  2 fungi
  2 plants (Lair:8)
  A tentacle (Hell)
  2 toadstools (Swamp:3)
4035 creatures vanquished.

Vanquished Creatures (collateral kills)
  A pandemonium lord (Pan)
  2 Brimstone Fiends (Pan)
  4 Executioners (Pan)
  3 Shadow Fiends
  An eldritch tentacle (Tar:6)
  3 daevas (Pan)
  An angel (Pan)
  2 warmongers (Pan)
  6 reapers
  A blood saint (Pan)
  A corrupter (Pan)
  A chaos champion (Pan)
  2 black suns (Pan)
  2 lorocyprocas (Pan)
  5 blizzard demons (Pan)
  2 green deaths (Pan)
  An eidolon (Tar:7)
  2 quicksilver dragon zombies
  A quicksilver dragon skeleton (Geh:7)
  A rakshasa (Pan)
  3 hell hogs (Geh:7)
  A titan zombie (Tar:7)
  A sun demon (Pan)
  An iron golem (Geh:7)
  A storm dragon zombie (Tar:4)
  2 soul eaters
  8 shadow wraiths (Tar:7)
  5 skeletal warriors
  6 shadow demons
  2 wizards (Pan)
  4 large abominations (Pan)
  3 torturous demonspawn (Pan)
  A putrid demonspawn (Pan)
  2 phantasmal warriors
  An iron dragon zombie (Geh:7)
  5 sixfirhies (Pan)
  3 shadow dragon skeletons
  A fire giant zombie (Geh:7)
  A stone giant zombie (Tar:7)
  A frost giant zombie (Tar:7)
  2 hellions
  A fire giant skeleton (Tar:6)
  A molten gargoyle (Geh:7)
  A smoke demon (Pan)
  A black mamba (Lair:7)
  2 orange demons (Pan)
  A komodo dragon (Lair:7)
  An iron devil (Pan)
  6 hellwings (Pan)
  3 red devils (Pan)
  2 freezing wraiths
  A silent spectre (Tar:4)
  A hydra zombie (Tar:3)
  A hydra skeleton (Geh:7)
  An ettin zombie (Geh:7)
  10 flying skulls
  2 wraiths
  A basilisk (Lair:7)
  An alligator skeleton (Tar:4)
  4 ynoxinuls (Pan)
  An ice dragon skeleton (Tar:4)
  3 shadows
  A black mamba skeleton (Geh:7)
  4 neqoxecs (Pan)
  3 hell beasts (Pan)
  An infernal demonspawn skeleton (Tar:4)
  3 hell hounds (Geh:7)
  A small abomination (Tar:7)
  5 necrophages
  2 phantoms
  4 wights
  6 shadow imps
  11 ufetubi (Pan)
182 creatures vanquished.

Vanquished Creatures (others)
  A deep elf master archer (Elf:3)
  An Executioner (Crypt:2)
  2 daevas (Pan)
  2 fire giants
  An azure jelly (Swamp:5)
  8 angels
  A yaktaur captain (Depths:4)
  A rakshasa (Pan)
  A deep elf knight (Elf:1)
  An orb spider (Spider:5)
  A sixfirhy (Pan)
  An iron devil (Dis:1)
  3 hellwings (Pan)
  3 deep elf magi
  A shadow (Geh:4)
  A hog (Swamp:5)
  3 deep elf fighters
  A neqoxec (Pan)
  A boggart (Vaults:1)
  A necrophage (Crypt:3)
  13 lost souls
  An orc wizard (Orc:4)
  A goliath beetle zombie (Crypt:3)
  An ufetubus (Pan)
  A spectral orc (D:12)
  A block of ice (Pan)
  18 eldritch tentacle segments
  2 fungi
  6 plants (Lair:8)
  6 tentacles (Hell)
  27 tentacle segments (Hell)
112 creatures vanquished.

Grand Total: 4329 creatures vanquished

Notes
Turn   | Place    | Note
--------------------------------------------------------------
     0 | D:1      | HungrySpirit, the Gargoyle Monk, began the quest for the Orb.
     0 | D:1      | Reached XP level 1. HP: 14/14 MP: 1/1
     6 | D:1      | Noticed a wyvern
     6 | D:1      | Noticed a black bear
     6 | D:1      | Noticed a worker ant
   448 | D:1      | Reached XP level 2. HP: 17/20 MP: 2/2
   910 | D:2      | Reached XP level 3. HP: 6/24 MP: 3/3
  1502 | D:2      | Reached skill level 5 in Fighting
  1659 | D:2      | Reached XP level 4. HP: 29/31 MP: 4/4
  1819 | D:2      | Reached skill level 1 in Maces & Flails
  2146 | D:3      | Reached skill level 1 in Armour
  2405 | D:3      | Found a deep blue altar of Sif Muna.
  2438 | D:3      | Reached XP level 5. HP: 20/35 MP: 5/5
  2466 | D:3      | Noticed Patate's ghost (average GrFi)
  2895 | D:3      | Found an iron altar of Okawaru.
  2899 | D:3      | Found a snail-covered altar of Cheibriados.
  2906 | D:3      | Became a worshipper of Warmaster Okawaru
  2906 | D:3      | Acquired Okawaru's first power
  2965 | D:4      | Found a white marble altar of Elyvilon.
  3200 | D:4      | Reached XP level 6. HP: 21/40 MP: 6/6
  3361 | D:4      | Noticed Edmund
  3547 | D:4      | Killed Edmund
  3728 | D:4      | Reached XP level 7. HP: 44/44 MP: 7/7
  4277 | D:4      | Reached skill level 5 in Maces & Flails
  4528 | D:5      | Entered Level 5 of the Dungeon
  4857 | D:5      | Found a stormy altar of Qazlal.
  5359 | D:5      | Reached skill level 6 in Maces & Flails
  5544 | D:5      | Reached skill level 5 in Armour
  5544 | D:5      | Reached XP level 8. HP: 47/49 MP: 8/8
  5853 | D:6      | Reached skill level 7 in Maces & Flails
  6113 | D:6      | Found a staircase to the Ecumenical Temple.
  6186 | D:6      | Reached skill level 8 in Maces & Flails
  6382 | D:6      | Reached XP level 9. HP: 48/54 MP: 9/9
  6541 | D:6      | Reached skill level 9 in Maces & Flails
  6648 | D:6      | Received a gift from Okawaru
  8116 | D:8      | Noticed Blork the orc
  8170 | D:8      | Reached skill level 10 in Maces & Flails
  8184 | D:8      | Acquired Okawaru's second power
  8403 | D:8      | Noticed a manticore
  8407 | D:8      | Reached XP level 10. HP: 55/59 MP: 7/10
  8438 | D:8      | Killed a manticore
  8438 | D:8      | Reached skill level 11 in Maces & Flails
  8444 | D:8      | Received a gift from Okawaru
  8482 | D:8      | Noticed a purple ugly thing
  8483 | D:8      | Noticed a griffon
  8501 | D:8      | Killed a griffon
  8532 | D:8      | Killed a purple ugly thing
  8785 | D:8      | Noticed Grum
  8804 | D:8      | Reached skill level 12 in Maces & Flails
  8826 | D:8      | Killed Grum
  9249 | D:8      | Noticed Eustachio
  9261 | D:8      | Killed Eustachio
  9317 | D:8      | Received a gift from Okawaru
  9335 | D:8      | Identified a +0 pair of boots of running (Okawaru gifted it to you on level 8 of the Dungeon)
  9603 | D:8      | Killed Blork the orc
 10070 | D:9      | Reached XP level 11. HP: 64/64 MP: 11/11
 10148 | D:9      | Reached skill level 10 in Armour
 10498 | D:9      | Reached skill level 13 in Maces & Flails
 11114 | D:9      | Found a staircase to the Orcish Mines.
 11186 | D:10     | Entered Level 10 of the Dungeon
 11768 | D:10     | Found Uguylef's Gadget Emporium.
 12153 | D:11     | Noticed Joseph
 12196 | D:11     | Killed Joseph
 12261 | D:11     | Noticed a hill giant
 12273 | D:11     | Found a staircase to the Lair.
 12317 | Lair:1   | Entered Level 1 of the Lair of Beasts
 12539 | Lair:1   | Found a labyrinth entrance.
 12552 | Lab      | Entered a labyrinth
 12777 | Lab      | Noticed a minotaur
 12792 | Lab      | Killed a minotaur
 12792 | Lab      | Reached skill level 14 in Maces & Flails
 12871 | Lair:1   | Found a dark tunnel.
 12880 | Volcano  | Entered a volcano
 13228 | Lair:1   | Noticed a five-headed hydra
 13252 | Lair:1   | Killed a five-headed hydra
 13285 | Lair:1   | Reached XP level 12. HP: 65/70 MP: 12/12
 14056 | Lair:2   | Noticed Erica
 14067 | Lair:2   | Killed Erica
 14083 | Lair:2   | Reached skill level 15 in Maces & Flails
 14372 | Lair:3   | Noticed an eight-headed hydra
 14388 | Lair:3   | Killed an eight-headed hydra
 14574 | Lair:3   | Noticed Harold
 14596 | Lair:3   | Killed Harold
 14775 | Lair:3   | Noticed an eight-headed hydra
 14787 | Lair:3   | Killed an eight-headed hydra
 15766 | Lair:4   | Reached skill level 16 in Maces & Flails
 16319 | Lair:5   | Reached XP level 13. HP: 71/79 MP: 13/13
 16905 | Lair:5   | Received a gift from Okawaru
 16931 | Lair:5   | Found a hole to the Spider Nest.
 17299 | Lair:6   | Found a staircase to the Swamp.
 17700 | Lair:6   | Reached skill level 17 in Maces & Flails
 17896 | Lair:6   | Found a glowing golden altar of the Shining One.
 18403 | Lair:7   | Reached skill level 1 in Invocations
 18432 | Lair:7   | Reached skill level 10 in Fighting
 18637 | Lair:7   | Identified a scroll of acquirement
 18673 | Lair:7   | Reached skill level 1 in Shields
 18764 | Lair:7   | Found a staircase to the Slime Pits.
 18764 | Lair:7   | Noticed an acid blob
 18781 | Lair:7   | Received a gift from Okawaru
 19143 | Lair:7   | Noticed Fannar
 19159 | Lair:7   | Killed Fannar
 19311 | Lair:8   | Entered Level 8 of the Lair of Beasts
 19518 | Lair:8   | Gained mutation: Your wings are large and strong. [gargoyle growth]
 19518 | Lair:8   | Reached XP level 14. HP: 66/88 MP: 21/21
 19580 | Lair:8   | Reached skill level 5 in Shields
 19887 | Lair:8   | Reached skill level 5 in Invocations
 20721 | Lair:8   | Received a gift from Okawaru
 21897 | D:11     | Killed a hill giant
 22351 | Orc:1    | Entered Level 1 of the Orcish Mines
 22567 | Orc:1    | Found Skemp's Antique Weapon Shop.
 23185 | Orc:3    | Reached skill level 10 in Shields
 23294 | Orc:3    | Found a roughly hewn altar of Beogh.
 23573 | Orc:4    | Entered Level 4 of the Orcish Mines
 23581 | Orc:4    | Gained mutation: You passively map a small area around you. [potion of beneficial mutation]
 23716 | Orc:4    | Reached XP level 15. HP: 70/99 MP: 24/24
 23879 | Orc:4    | Received a gift from Okawaru
 23889 | Orc:4    | Found Steshogh's Antique Armour Emporium.
 23945 | Orc:4    | Found Raigauf's Antique Armour Boutique.
 23949 | Orc:4    | Found Feump's Jewellery Boutique.
 23951 | Orc:4    | Found Narye's Antique Weapon Emporium.
 24064 | Orc:4    | Bought the ring "Mningiwk" {+Blink MR++ Str+2 Int+6} for 1446 gold pieces
 24536 | Orc:4    | Found a staircase to the Elven Halls.
 24739 | Orc:4    | Found a roughly hewn altar of Beogh.
 25968 | Swamp:1  | Entered Level 1 of the Swamp
 26103 | Swamp:1  | Noticed Aizul
 26149 | Swamp:1  | Killed Aizul
 26703 | Swamp:1  | Noticed Donald
 26757 | Swamp:1  | Killed Donald
 26826 | Swamp:1  | Reached skill level 18 in Maces & Flails
 26857 | Swamp:1  | Reached skill level 15 in Fighting
 26859 | Swamp:1  | Received a gift from Okawaru
 26860 | Swamp:1  | Got an ivory morningstar {god gift}
 26861 | Swamp:1  | Identified the +6 morningstar "Xehat" {drain, rF+ Dex-2 Int-2} (Okawaru gifted it to you on level 1 of the Swamp)
 27935 | Swamp:3  | Received a gift from Okawaru
 28037 | Swamp:3  | Noticed a thorn hunter
 28055 | Swamp:3  | Killed a thorn hunter
 28055 | Swamp:3  | Reached XP level 16. HP: 96/110 MP: 23/25
 29359 | Swamp:5  | Entered Level 5 of the Swamp
 29579 | Swamp:5  | Noticed a thorn hunter
 29596 | Swamp:5  | Killed a thorn hunter
 29596 | Swamp:5  | Reached skill level 19 in Maces & Flails
 29599 | Swamp:5  | Noticed Roxanne
 29627 | Swamp:5  | Killed Roxanne
 30485 | Swamp:5  | Noticed Kirke
 30637 | Swamp:5  | Killed Kirke
 31310 | Swamp:5  | Received a gift from Okawaru
 31642 | Swamp:5  | Got a decaying rune of Zot
 31884 | Spider:1 | Entered Level 1 of the Spider Nest
 33093 | Spider:2 | Reached skill level 20 in Maces & Flails
 33525 | Spider:3 | Reached XP level 17. HP: 117/117 MP: 26/26
 33547 | Spider:3 | Noticed Arachne
 33567 | Spider:3 | Killed Arachne
 34551 | Spider:4 | Got an encrusted helmet
 34562 | Spider:4 | Identified the -1 helmet "Enedye" {Str+3 Int+4} (You acquired it on level 4 of the Spider Nest)
 35165 | Spider:5 | Entered Level 5 of the Spider Nest
 35228 | Spider:5 | Received a gift from Okawaru
 35872 | Spider:5 | Reached skill level 21 in Maces & Flails
 36444 | Spider:5 | Got a gossamer rune of Zot
 37166 | D:12     | Received a gift from Okawaru
 37172 | D:12     | Got a bloodstained executioner's axe {god gift}
 37173 | D:12     | Identified the +5 executioner's axe of Outrage {venom, Int-2 Curse} (Okawaru gifted it to you on level 12 of the Dungeon)
 37252 | D:12     | Noticed Erolcha
 37274 | D:12     | Noticed Maurice
 37310 | D:13     | Reached XP level 18. HP: 52/124 MP: 27/27
 37548 | D:12     | Killed Erolcha
 37647 | D:12     | Killed Maurice
 38147 | D:12     | Noticed Nergalle
 38157 | D:12     | Killed Nergalle
 38913 | D:14     | Noticed Norris
 38913 | D:14     | Noticed Rupert
 38961 | D:14     | Killed Rupert
 38985 | D:14     | Killed Norris
 39090 | D:14     | Received a gift from Okawaru
 39094 | D:14     | Found a gate to the Vaults.
 39457 | D:14     | Gained mutation: You are somewhat resistant to further mutation. [potion of beneficial mutation]
 39852 | D:15     | Entered Level 15 of the Dungeon
 39919 | D:15     | Got a wavering bone ring
 39920 | D:15     | Identified the ring "Iceyxky" {+cTele rC-} (You found it on level 15 of the Dungeon)
 40107 | D:15     | Paralysed by a giant eyeball for 3 turns
 40145 | D:15     | Identified Sif Muna's Papyrus of the Frostbite
 40158 | D:15     | Found a staircase to the Depths.
 40287 | D:15     | Received a gift from Okawaru
 40399 | D:15     | Got a smoking steel ring
 40400 | D:15     | Identified the ring "Stideod" {Dex-3 Int-2 Stlth-} (You found it on level 15 of the Dungeon)
 40686 | D:15     | Noticed Azrael
 40725 | D:15     | Killed Azrael
 40925 | D:15     | Reached skill level 22 in Maces & Flails
 41104 | D:15     | Reached skill level 15 in Shields
 41369 | D:15     | Received a gift from Okawaru
 41774 | D:15     | Reached XP level 19. HP: 126/128 MP: 27/27
 42125 | Depths:1 | Entered Level 1 of the Depths
 42160 | Depths:1 | Noticed Nikola
 42445 | Depths:1 | Killed Nikola
 42630 | Depths:1 | Found a gateway to Hell.
 43696 | Depths:1 | Received a gift from Okawaru
 43737 | Depths:1 | Got a faintly glowing eveningstar {god gift}
 43738 | Depths:1 | Identified the +3 eveningstar of Triumph {freeze, rF+} (Okawaru gifted it to you on level 1 of the Depths)
 43862 | Depths:1 | Found a portal to a secret trove of treasure.
 44013 | Depths:1 | You paid a toll of 4 scrolls of blinking to enter a treasure trove
 44014 | Trove    | Entered a treasure trove
 44041 | Trove    | Identified Sif Muna's Catalogue of Weightlessness (You found it in a treasure trove)
 44075 | Trove    | Got a warped helmet
 44086 | Trove    | Identified the +0 helmet of Refuge {rElec} (You acquired it in a treasure trove)
 44089 | Trove    | Identified Sif Muna's Tome of Talismans
 44093 | Trove    | Identified Sif Muna's Collected Works on Congealing Boosts
 44515 | Depths:2 | Reached skill level 23 in Maces & Flails
 44689 | Depths:2 | Received a gift from Okawaru
 45957 | Vaults:1 | Entered Level 1 of the Vaults
 46173 | Vaults:1 | Reached XP level 20. HP: 121/136 MP: 28/28
 46252 | Vaults:1 | You fall through a shaft!
 46392 | Vaults:2 | Noticed Mara
 46419 | Vaults:2 | Killed Mara
 47508 | Vaults:2 | Received a gift from Okawaru
 47712 | Vaults:2 | Got an ichor-stained cloak
 47723 | Vaults:2 | Identified the +0 cloak "Fiyt Dos" {rPois} (You acquired it on level 2 of the Vaults)
 48226 | Vaults:2 | Reached skill level 15 in Armour
 48637 | Vaults:2 | Received a gift from Okawaru
 49710 | Vaults:3 | Reached XP level 21. HP: 140/146 MP: 29/29
 49907 | Vaults:3 | Found Amuas' Antique Armour Emporium.
 49944 | Vaults:3 | Found a staircase to the Crypt.
 51715 | Vaults:4 | Found Psick's Gadget Boutique.
 52889 | Vaults:4 | Received a gift from Okawaru
 53593 | Vaults:1 | Paralysed by a great orb of eyes for 5 turns
 53924 | Vaults:1 | Noticed Saint Roka
 53972 | Vaults:1 | Killed Saint Roka
 54395 | Vaults:1 | Found a white marble altar of Elyvilon.
 54595 | Vaults:1 | Found Ypuc's Assorted Antiques.
 54609 | Vaults:1 | Bought a scroll of teleportation for 84 gold pieces
 54609 | Vaults:1 | Bought a potion of might for 70 gold pieces
 54913 | Vaults:5 | Entered Level 5 of the Vaults
 54977 | Vaults:5 | Reached XP level 22. HP: 132/156 MP: 26/31
 55268 | Vaults:4 | Received a gift from Okawaru
 55510 | Vaults:5 | Reached skill level 10 in Invocations
 55785 | Vaults:5 | Got a smoking copper ring
 55786 | Vaults:5 | Identified the ring of Habes {+Inv MP+9} (You found it on level 5 of the Vaults)
 55931 | Vaults:5 | Got a silver rune of Zot
 56089 | Vaults:5 | Received a gift from Okawaru
 56171 | Vaults:5 | Noticed a golden dragon
 56180 | Vaults:5 | Killed a golden dragon
 56537 | Vaults:5 | Got a sparkling silver ring
 56865 | Vaults:5 | Got a pair of smoking boots
 56876 | Vaults:5 | Identified the +1 pair of boots of the Apprentice {Stlth+} (You found it on level 5 of the Vaults)
 56931 | Vaults:5 | Identified the Collected Works on Lightness
 57041 | Vaults:5 | Received a gift from Okawaru
 57048 | Vaults:5 | Reached XP level 23. HP: 151/164 MP: 35/35
 58631 | Vaults:5 | Noticed a golden dragon
 58660 | Vaults:5 | Killed a golden dragon
 58976 | Vaults:5 | Noticed a golden dragon
 58987 | Vaults:5 | Killed a golden dragon
 58987 | Vaults:5 | Received a gift from Okawaru
 59674 | Depths:2 | Reached skill level 24 in Fighting
 60185 | Depths:2 | Found a one-way gate leading to the halls of Pandemonium.
 60519 | Depths:2 | Noticed a lich
 60530 | Depths:2 | Killed a lich
 60530 | Depths:2 | Reached skill level 15 in Invocations
 60571 | Depths:2 | Reached XP level 24. HP: 174/174 MP: 38/38
 60597 | Depths:2 | Identified the ring of Geacuted {+Inv rC+ MR+ Stlth-} (You took it off a yaktaur captain on level 5 of the Vaults)
 60699 | Depths:2 | Noticed a lich
 60748 | Depths:2 | Killed a lich
 60764 | Depths:2 | Received a gift from Okawaru
 62080 | Depths:3 | Found a gateway to a ziggurat.
 62222 | Depths:3 | Got a transparent copper ring
 62223 | Depths:3 | Identified the cursed ring "Ipriehah" {SustAb +Inv} (You found it on level 3 of the Depths)
 62529 | Depths:3 | Received a gift from Okawaru
 63312 | Depths:4 | Reached skill level 25 in Fighting
 63929 | Depths:4 | Found a one-way gate to the infinite horrors of the Abyss.
 64612 | Depths:4 | Found a radiant altar of Vehumet.
 64616 | Depths:4 | Noticed the Enchantress
 65004 | Depths:4 | Killed the Enchantress
 65372 | Depths:4 | Identified The Lost Catalogue of the Archmage
 65375 | Depths:4 | Identified the Papyrus of Vitriolic Attacks
 65412 | Depths:5 | Entered Level 5 of the Depths
 65521 | Depths:5 | Reached XP level 25. HP: 170/183 MP: 39/39
 66359 | Depths:5 | Received a gift from Okawaru
 66384 | Depths:5 | Found a gate to the Realm of Zot.
 67079 | Elf:1    | Entered Level 1 of the Elven Halls
 67534 | Elf:1    | Identified the Tome of Companions
 67731 | Elf:1    | Found Ibas Nef's Antique Armour Emporium.
 67735 | Elf:1    | Bought an embroidered hat for 132 gold pieces
 67735 | Elf:1    | Bought a pair of warped boots for 313 gold pieces
 67746 | Elf:1    | Identified the +1 pair of boots "Cheoclif" {+Fly Slay+4} (You bought it in a shop on level 1 of the Elven Halls)
 68636 | Elf:3    | Entered Level 3 of the Elven Halls
 68938 | Elf:3    | Found Xack's Armour Shoppe.
 69331 | Elf:3    | Got a pair of steaming gloves
 69372 | Elf:3    | Identified the +0 pair of gloves "Potil" {Str+2} (You acquired it on level 3 of the Elven Halls)
 70226 | Elf:3    | Received a gift from Okawaru
 70314 | Elf:3    | Got a warped pewter ring
 70974 | Lair:6   | Fell from the grace of Okawaru
 70974 | Lair:6   | Became a worshipper of the Shining One
 71290 | D:12     | Was placed under penance by the Shining One
 71454 | Crypt:1  | Entered Level 1 of the Crypt
 71465 | Crypt:1  | Fell from the grace of the Shining One
 71575 | Crypt:1  | Noticed Mennas
 71607 | Crypt:1  | Killed Mennas
 71607 | Crypt:1  | Reached XP level 26. HP: 169/189 MP: 41/41
 71672 | Crypt:1  | Found an ancient bone altar of Kikubaaqudgha.
 72195 | Crypt:1  | Found a magical portal.
 72203 | WizLab   | Entered The Roulette of Golubria
 72268 | Crypt:2  | Identified the ring "Choxzuju" {Fire Str+2 Int+3} (You took it off a deep elf high priest on level 3 of the Elven Halls)
 73639 | Lair:6   | Became a worshipper of the Shining One
 74497 | D:15     | Got a bloodstained mace {god gift}
 74498 | D:15     | Identified the +2 mace "Twajohin" {freeze, rPois rF+ Str+3} (Okawaru gifted it to you on level 15 of the Dungeon)
 75110 | Crypt:3  | Entered Level 3 of the Crypt
 75474 | Crypt:3  | Acquired the Shining One's first power
 76351 | Crypt:3  | Acquired the Shining One's second power
 76621 | Crypt:3  | Identified Sif Muna's Handbook of Curses
 77034 | Crypt:3  | Found a staircase to the Tomb.
 77397 | Crypt:3  | Acquired the Shining One's third power
 77890 | Crypt:2  | Noticed an ancient lich
 78194 | Crypt:2  | Killed an ancient lich
 78205 | Crypt:2  | Noticed an ancient lich
 78223 | Crypt:2  | Killed an ancient lich
 78276 | Crypt:2  | Got a brightly glowing golden amulet
 78355 | Crypt:2  | Identified the amulet of Zeotun {Spirit Dex+2 Int-4} (You acquired it on level 2 of the Crypt)
 78754 | Hell     | Entered the Vestibule of Hell
 78754 | Hell     | Noticed Geryon
 78774 | Hell     | Noticed Murray
 78984 | Hell     | Killed Geryon
 79272 | Hell     | Reached XP level 27. HP: 195/195 MP: 42/42
 79282 | Hell     | Found a gateway to the Iron City of Dis.
 79289 | Dis:1    | Entered Level 1 of the Iron City of Dis
 79347 | Hell     | Killed Murray
 79555 | Hell     | Found a gateway to the ashen valley of Gehenna.
 79605 | Geh:1    | Entered Level 1 of Gehenna
 79635 | Hell     | Acquired the Shining One's fourth power
 79727 | Hell     | Found a gateway to the freezing wastes of Cocytus.
 79823 | Coc:1    | Entered Level 1 of Cocytus
 79874 | Hell     | Found a gateway to the decaying netherworld of Tartarus.
 79951 | Tar:1    | Entered Level 1 of Tartarus
 80855 | Geh:1    | Was forgiven by Okawaru
 81996 | Lair:6   | Identified a +9 Blessed Scourge (a +9 demon whip of flaming blessed by the Shining One)
 83816 | Geh:7    | Entered Level 7 of Gehenna
 84390 | Geh:7    | Got a brightly glowing tin amulet
 84391 | Geh:7    | Identified the amulet "Mikhlit" {rMut Str+4 Int+4} (You found it on level 7 of Gehenna)
 84790 | Geh:7    | Noticed Asmodeus
 84813 | Geh:7    | Killed Asmodeus
 84813 | Geh:7    | Reached skill level 26 in Invocations
 84824 | Geh:7    | Got an obsidian rune of Zot
 85691 | Tar:5    | Gained mutation: You heal slowly when monsters are visible. [mutagenic glow]
 85993 | Tar:7    | Entered Level 7 of Tartarus
 86006 | Tar:7    | Reached skill level 27 in Invocations
 86543 | Tar:7    | Got a pair of faintly humming boots
 86544 | Tar:7    | Identified the +2 pair of boots "Zehev" {rPois} (You found it on level 7 of Tartarus)
 86851 | Tar:7    | Got a crude glass ring
 86856 | Tar:7    | Identified the ring "Kheheapn" {+Rage +Fly rF+ rN+ Slay+1} (You found it on level 7 of Tartarus)
 86866 | Tar:7    | Got a crude turquoise ring
 86867 | Tar:7    | Identified the ring of the Turtledove {Fire rN+ Slay-4} (You found it on level 7 of Tartarus)
 87385 | Tar:7    | Noticed Ereshkigal
 87421 | Tar:7    | Killed Ereshkigal
 87447 | Tar:7    | Got a bone rune of Zot
 87729 | Pan      | Entered Pandemonium
 87857 | Pan      | Found an exit through the horrors of the Abyss.
 88126 | Pan      | Found an exit through the horrors of the Abyss.
 88139 | Pan      | Noticed Plog the pandemonium lord
 88308 | Pan      | Noticed Qihanaw the pandemonium lord
 88322 | Pan      | Killed Qihanaw the pandemonium lord
 88373 | Pan      | Reached skill level 27 in Fighting
 88410 | Pan      | Found an exit through the horrors of the Abyss.
 89008 | Pan      | Found a gateway to a ziggurat.
 89099 | Pan      | Noticed Zabaoqih the pandemonium lord
 89122 | Pan      | Killed Zabaoqih the pandemonium lord
 89180 | Pan      | Found a glowing silver altar of Zin.
 89430 | Pan      | Found an exit through the horrors of the Abyss.
 89471 | Pan      | Reached skill level 1 in Evocations
 89510 | Pan      | Noticed Daameh the pandemonium lord
 89517 | Pan      | Reached skill level 27 in Maces & Flails
 89520 | Pan      | Killed Daameh the pandemonium lord
 89533 | Pan      | Reached skill level 5 in Evocations
 89554 | Pan      | Got a demonic rune of Zot
 89631 | Pan      | Found an exit through the horrors of the Abyss.
 89673 | Pan      | Noticed Yruosil the pandemonium lord
 89702 | Pan      | Killed Yruosil the pandemonium lord
 89849 | Pan      | Noticed Ghoiqin the pandemonium lord
 89853 | Pan      | Killed Ghoiqin the pandemonium lord
 89949 | Pan      | Found an exit through the horrors of the Abyss.
 90317 | Pan      | Noticed Donoischu the pandemonium lord
 90330 | Pan      | Killed Donoischu the pandemonium lord
 90408 | Pan      | Entered the realm of Gloorx Vloq.
 90732 | Pan      | Found an exit through the horrors of the Abyss.
 90989 | Pan      | Noticed Gloorx Vloq
 91003 | Pan      | Killed Gloorx Vloq
 91023 | Pan      | Got a dark rune of Zot
 91675 | Pan      | Noticed Gheo the pandemonium lord
 91689 | Pan      | Killed Gheo the pandemonium lord
 92154 | Pan      | Entered the realm of Lom Lobon.
 92159 | Pan      | Noticed Lom Lobon
 92174 | Pan      | Killed Lom Lobon
 92174 | Pan      | Reached skill level 27 in Armour
 92280 | Pan      | Got a magical rune of Zot
 92403 | Pan      | Found an exit through the horrors of the Abyss.
 92499 | Pan      | Entered the realm of Cerebov.
 92531 | Pan      | Got a twitching lead ring
 92532 | Pan      | Identified the ring of Khuggun {SustAb rElec} (You found it in Pandemonium)
 92955 | Pan      | Noticed Cerebov
 92981 | Pan      | HP: 8/199 [Cerebov/great serpentine sword {flame} (2)]
 92982 | Pan      | Killed Cerebov
 92982 | Pan      | Identified the cursed +3 halberd of Ciemiceemp {flame, rPois}
 92982 | Pan      | Slain by a balrug

Action                   |  1- 3 |  4- 6 |  7- 9 | 10-12 | 13-15 | 16-18 | 19-21 | 22-24 | 25-27 || total
-------------------------+-------+-------+-------+-------+-------+-------+-------+-------+-------++-------
Melee: Unarmed           |    97 |       |       |       |       |       |       |       |    59 ||   156
       Falchion          |    41 |       |       |       |       |       |       |       |       ||    41
       Mace              |       |   219 |       |       |       |       |       |       |   307 ||   526
       Morningstar       |       |    45 |       |       |       |       |       |       |       ||    45
       Flail             |       |    12 |   551 |    28 |       |       |       |       |     5 ||   596
       Whip              |       |       |    12 |       |       |       |       |       |    13 ||    25
       Demon whip        |       |       |       |  1112 |  2575 |  2669 |  3270 |  2782 |  1385 || 13793
       Great mace        |       |       |       |       |       |       |       |       |  1698 ||  1698
       Sacred scourge    |       |       |       |       |       |       |       |       |  2823 ||  2823
Invok: Heroism           |       |     1 |     3 |    15 |    13 |    14 |    21 |    19 |     2 ||    88
       Finesse           |       |       |       |       |     3 |     6 |     6 |    11 |     1 ||    27
       Cleansing Flame   |       |       |       |       |       |       |       |       |    61 ||    61
       Divine Shield     |       |       |       |       |       |       |       |       |     1 ||     1
       Summon Divine War |       |       |       |       |       |       |       |       |    14 ||    14
 Abil: Fly               |       |       |       |       |     2 |     3 |       |     1 |     4 ||    10
       Stop Flying       |       |       |       |       |     1 |     2 |       |       |     5 ||     8
Evoke: Wand              |       |       |       |     8 |     4 |     5 |     4 |     1 |    15 ||    37
  Use: Scroll            |       |     6 |     1 |    23 |    15 |    12 |     9 |    21 |    52 ||   139
       Potion            |       |     1 |     3 |     1 |     1 |     1 |     1 |     9 |    17 ||    34
 Stab: Sleeping          |     1 |       |       |       |       |       |       |       |       ||     1
       Distracted        |       |       |       |       |     1 |       |       |       |    24 ||    25
       Petrifying        |       |       |       |       |       |       |       |     1 |       ||     1
       Confused          |       |       |       |       |       |       |       |     5 |     2 ||     7
  Eat: Chunk             |     2 |     8 |    16 |    11 |    26 |     8 |     4 |       |     1 ||    76
       Fruit             |       |       |       |     6 |    10 |    31 |    27 |    15 |    13 ||   102
       Pizza             |       |       |       |     6 |     3 |     3 |       |     1 |     1 ||    14
       Meat ration       |       |       |       |       |       |     1 |     3 |     6 |     6 ||    16
       Royal jelly       |       |       |       |       |       |     1 |       |     1 |     3 ||     5
       Beef jerky        |       |       |       |       |       |       |       |       |    15 ||    15
       Bread ration      |       |       |       |       |       |       |       |       |     8 ||     8
